Map: Echo LE (Void)

Players

Hades - Winner!

  • Race: Terran Terran
  • League: Silver

Javo

  • Race: Protoss Protoss
  • League: Silver

VOD

Have the link to the VOD?

Description

Time

  • Played on: Nov. 23, 2016, 11:45 a.m.
  • Length: 9:07
Show
View Real Time Build Order
Export as new Build Order

Hades Terran - Winner!

Build Orders: MMM Bio 

Get SALT Encoding   

  12  0:01  SCV  
  13  0:13  SCV  
  14  0:17  Supply Depot  
  14  0:26  SCV  
  15  0:36  Refinery  
  15  0:42  Barracks  
  15  0:45  SCV  
  16  0:59  SCV  
  17  1:12  SCV  
  18  1:20  Refinery  
  18  1:30  Orbital Command, Reaper  
  19  1:33  Supply Depot  
  19  1:56  SCV  
  20  2:09  Barracks Tech Lab  
  20  2:15  SCV  
  21  2:23  Command Center  
  21  2:24  Factory  
  21  2:28  SCV  
  22  2:33  Marine  
  23  2:42  SCV  
  23  2:43  Barracks  
  24  2:54  SCV  
  24  2:55  Marine  
  26  3:08  SCV  
  26  3:12  Factory Reactor  
  27  3:17  Factory  
  27  3:20  SCV  
  27  3:21  Supply Depot  
  27  3:23  Marine  
  29  3:42  SCV  
  29  3:46  Barracks Reactor  
  29  3:48  Orbital Command  
  29  3:54  SCV  
  29  3:55  Cyclone x2  
  36  3:59  Stimpack  
  36  4:01  Marine  
  37  4:05  Factory Tech Lab  
  37  4:08  Starport  
  37  4:09  Orbital Command  
  37  4:23  Barracks  
  37  4:29  Cyclone  
  40  4:31  Marine x2  
  40  4:35  Marauder  
  44  4:40  SCV  
  45  4:47  SCV  
  45  4:49  Marine  
  45  4:52  Starport Reactor  
  47  4:56  Siege Tank  
  47  4:57  Marine  
  51  5:01  Marauder  
  53  5:07  SCV  
  53  5:13  Supply Depot  
  54  5:27  Supply Depot, Refinery  
  54  5:32  Barracks Reactor  
  54  5:35  Marine x3, SCV x2  
  59  5:40  Cyclone  
  62  5:49  Cyclone, SCV x2  
  67  5:58  Marine x3  
  67  5:59  Refinery  
  70  6:21  Marine  
  70  6:22  SCV  
  70  6:23  Supply Depot x2, Marine  
  70  6:25  SCV  
  70  6:26  Medivac  
  70  6:28  Supply Depot  
  70  6:34  Siege Tank  
  70  6:35  SCV  
  68  6:42  Marine x3  
  68  6:43  Marine  
  68  6:44  Marine  
  71  6:58  Cyclone x2  
  71  7:00  Medivac, Marine x2  
  81  7:05  Combat Shields  
  81  7:06  Marine x2  
  81  7:07  Marine  
  81  7:08  Barracks, SCV  
  84  7:11  SCV  
  86  7:20  Supply Depot, Marine, SCV  
  86  7:21  Marine  
  89  7:32  Engineering Bay, SCV  
  89  7:33  Marine x2  
  89  7:35  Marine  
  93  7:44  Supply Depot  
  93  7:47  Supply Depot, SCV x2  
  93  7:50  Marine x2  
  93  7:51  Marine  
  98  7:52  Marine  
  99  8:07  Marine x2, SCV x2  
  99  8:09  Barracks Reactor  
  99  8:12  Marine  
  104  8:13  Command Center  
  104  8:18  Marine x2  
  106  8:20  Medivac x2  
  106  8:25  Marine x2  
  112  8:32  Supply Depot  
  95  8:45  Marine x3  
  94  8:52  SCV x2  
  94  9:00  Barracks  
  94  9:02  Barracks  
Show
View Real Time Build Order
Export as new Build Order

Javo Protoss 

Build Orders: 1 Gate Expand 

Get SALT Encoding   

  12  0:01  Probe (Chrono Boost)  
  13  0:11  Probe (Chrono Boost)  
  14  0:22  Probe (Chrono Boost)  
  14  0:27  Pylon  
  15  0:46  Probe (Chrono Boost)  
  15  0:49  Gateway  
  16  0:56  Probe (Chrono Boost)  
  17  1:07  Probe (Chrono Boost)  
  18  1:17  Probe (Chrono Boost)  
  19  1:26  Nexus  
  19  1:27  Assimilator  
  19  1:29  Assimilator  
  20  1:39  Cybernetics Core  
  19  1:42  Probe (Chrono Boost)  
  20  1:53  Probe (Chrono Boost)  
  21  2:03  Pylon, Probe (Chrono Boost)  
  22  2:14  Pylon  
  23  2:25  Mothership Core (Chrono Boost)  
  24  2:32  Warp Gate  
  24  2:35  Adept, Pylon  
  24  2:37  Gateway  
  27  2:44  Probe (Chrono Boost)  
  27  2:51  Probe (Chrono Boost)  
  27  2:57  Probe (Chrono Boost)  
  29  3:02  Probe (Chrono Boost)  
  30  3:05  Adept  
  30  3:09  Probe (Chrono Boost)  
  33  3:19  Robotics Facility  
  34  3:21  Probe (Chrono Boost)  
  34  3:24  Adept  
  34  3:26  Probe (Chrono Boost)  
  37  3:33  Probe (Chrono Boost)  
  38  3:42  Stalker  
  40  3:51  Stalker, Probe (Chrono Boost)  
  43  4:02  Twilight Council, Probe (Chrono Boost)  
  44  4:12  Probe (Chrono Boost)  
  44  4:16  Assimilator  
  45  4:18  Assimilator  
  45  4:23  Probe (Chrono Boost)  
  48  4:33  Probe (Chrono Boost)  
  48  4:34  Immortal  
  47  4:38  Gateway  
  47  4:43  Stalker  
  47  4:44  Probe (Chrono Boost)  
  54  4:45  Stalker  
  54  4:52  Blink  
  56  4:54  Probe (Chrono Boost)  
  57  5:05  Probe (Chrono Boost)  
  58  5:09  Stalker  
  58  5:10  Stalker  
  62  5:17  Pylon  
  62  5:36  Stargate  
  62  5:42  Pylon  
  62  5:43  Stalker x2  
  66  5:54  Probe (Chrono Boost)  
  67  6:04  Gateway, Stalker  
  67  6:05  Gateway, Probe (Chrono Boost)  
  67  6:07  Stalker  
  67  6:08  Stalker  
  74  6:15  Probe (Chrono Boost)  
  74  6:16  Probe (Chrono Boost)  
  42  6:49  Immortal, Stalker  
  42  6:50  Stalker  
  42  6:51  Stalker  
  42  6:52  Void Ray  
  56  7:05  Stalker x2  
  60  7:25  Stalker x3  
  60  7:29  Forge  
  66  7:30  Nexus  
  66  7:34  Forge  
  66  7:47  Pylon, Void Ray  
  70  8:01  Immortal  
  70  8:03  Pylon  
  74  8:13  Probe (Chrono Boost)  
  74  8:18  Pylon  
  75  8:23  Stalker x2, Probe (Chrono Boost)  
  75  8:24  Stalker  
  75  8:26  Stalker  
Tags
 
Add a new tag
Caveats
  • Supply blocks, unpowered buildings, or Contaminate may cause inaccurate times.
  • Supply counts are checked every 10 seconds.